 Dungeon Crawl Stone Soup version 0.28-a0-429-g1448048969 (webtiles) character file.

Game seed: 16194222675695597017

253 robertstho the Magician (level 6, -2/42 HPs)
             Began as a Djinni Fire Elementalist on Sept 10, 2021.
             Slain by an orc (7 damage)
             ... on level 3 of the Dungeon.
             The game lasted 00:04:02 (3575 turns).

robertstho the Magician (Djinni Fire Elementalist)  Turns: 3575, Time: 00:04:04

Health: -2/42      AC:  2    Str:  7    XL:     6   Next: 37%
Gold:   84         EV: 12    Int: 19    God:
                   SH:  0    Dex: 13

rFire   + + .      SeeInvis .   i - +0 dagger
rCold   x . .      Faith    .   (no shield)
rNeg    . . .      Spirit   .   a - +0 robe
rPois   ∞          Reflect  .   (no helmet)
rElec   .          Harm     .   (no cloak)
rCorr   .          Rampage  .   (no gloves)
Will    .....                   (boots unavailable)
Stlth   ++........              (no amulet)
HPRegen 0.14/turn               (no ring)
MPRegen 0.00/turn               (no ring)

@: flying
A: sickness immunity, fire resistance 2, cold vulnerability 1, float, innate
caster, hp casting, extra vitality 1
a: no special abilities


You were on level 3 of the Dungeon.
You visited 1 branch of the dungeon, and saw 3 of its levels.

You collected 84 gold pieces.

Inventory:

Hand Weapons
 i - a +0 dagger (weapon)
Armour
 a - a +0 robe (worn)
Scrolls
 b - 2 scrolls of identify {unknown}
 e - a scroll of teleportation {unknown}
 f - a scroll of torment {unknown}
 h - a scroll of acquirement {unknown}
 j - a scroll of immolation {unknown}
Potions
 c - 3 potions of curing {unknown}
 d - a potion of cancellation {unknown}
 g - a potion of mutation {unknown}
 k - a potion of attraction {unknown}
 l - a potion of heal wounds {unknown}


   Skills:
 * Level 1.6 Fighting
 + Level 2.4 Dodging
 + Level 1.8 Stealth
 * Level 4.7 Spellcasting


You couldn't memorise any spells.
You knew the following spells:

 Your Spells              Type           Power      Damage    Failure   Level
a - Foxfire               Conj/Fire      88%        2x1d8     1%          1
b - Scorch                Fire           44%        2d7       2%          2
c - Conjure Flame         Conj/Fire      22%        6-21      5%          3
d - Inner Flame           Hex/Fire       22%        N/A       5%          3
e - Flame Wave            Conj/Fire      22%        3d6       19%         4
f - Pain                  Necr           88%        1d8       1%          1
g - Static Discharge      Conj/Air       22%        N/A       2%          2
Your spell library was empty.

Dungeon Overview and Level Annotations

Branches:
Dungeon (3/15)

Altars:

Shops:
D:3 [

Annotations:
D:3 Terence


Innate Abilities, Weirdness & Mutations

You are immune to sickness and miasma.
You are immune to poison.
Your flesh is very heat resistant. (rF++)
You are vulnerable to cold. (rC-)
You float through the air rather than walking.
You learn spells naturally, not from books.
Your magical power is your life essence.
You have superior vitality. (+4 HP)


Message History

Terence is heavily wounded.
Terence hits you with a +0 mace!
Casting: Foxfire (safe; 1% risk of failure)
Confirm with . or Enter, or press ? or * to list all spells.
Flames lash Terence.
Terence resists.
Terence is heavily wounded.
Terence's fire resistance burns away.
The foxfire hits Terence but does no damage.
Terence is heavily wounded.
The foxfire hits Terence but does no damage.
Terence is heavily wounded.
Terence barely misses you.
Casting: Scorch (safe; 2% risk of failure)
Confirm with . or Enter, or press ? or * to list all spells.
Flames lash the orc.
You kill the orc!
The orc throws a boomerang.
The boomerang hits you. Terence barely misses you.
Unknown command.
Casting: Scorch (safe; 2% risk of failure)
Confirm with . or Enter, or press ? or * to list all spells.
Flames lash Terence but do no damage.
Terence is no longer more vulnerable to fire.
Terence hits you with a +0 mace.
Unknown command.
Casting: Scorch (safe; 2% risk of failure)
Confirm with . or Enter, or press ? or * to list all spells.
Flames lash the orc.
The orc is almost dead.
The orc's fire resistance burns away.
* * * LOW HITPOINT WARNING * * *
The orc barely misses you. Terence closely misses you.
Okay, then.
The orc barely misses you. The orc hits you with a +0 flail!
* * * LOW HITPOINT WARNING * * *
Okay, then.
As you read the scroll labelled JESHOM HOED, it crumbles to dust.
You hear a loud clanging noise!
It was a scroll of noise.
The orc hits you but does no damage. The orc hits you with a +0 flail!
You die...

..........[........:....#.###
..........)..................
........................#.###
........................# ###
.......<).......<.......# #..
........................# #.#
...........)..........>.# #.#
...........oo@..........# #..
............@...........#.###
........................#....
.............................
...........<............#####
.......................#####
..........................).
.....>......................
.......................#####
.......................#


You could see Terence and 2 orcs.

Vanquished Creatures
  An ogre (D:3)
  A hound (D:3)
  A jelly (D:2)
  4 adders (D:2)
  A worm (D:2)
  3 dart slugs
  4 orcs (D:3)
  5 bats
  5 endoplasms
  A giant cockroach (D:2)
  6 goblins
  8 hobgoblins
  5 jackals (D:3)
  3 kobolds
  A quokka (D:3)
  4 ball pythons
  4 rats
57 creatures vanquished.

Vanquished Creatures (others)
  164 foxfires
164 creatures vanquished.

Grand Total: 221 creatures vanquished

Notes
Turn   | Place    | Note
-------+----------+-------------------------------------------
     0 | D:1      | robertstho the Djinni Fire Elementalist began the quest for
                  | the Orb.
     0 | D:1      | Reached XP level 1. HP: 15/15 MP: 0/0
   408 | D:1      | Reached XP level 2. HP: 18/21 MP: 0/0
   859 | D:1      | Reached skill level 3 in Spellcasting
  1032 | D:1      | Found a faded altar of an unknown god.
  1064 | D:2      | Reached XP level 3. HP: 21/25 MP: 0/0
  1064 | D:2      | Learned a level 1 spell: Pain
  1549 | D:2      | Reached XP level 4. HP: 24/31 MP: 0/0
  1758 | D:2      | Reached skill level 1 in Fighting
  2132 | D:2      | Reached XP level 5. HP: 28/37 MP: 0/0
  2132 | D:2      | Learned a level 2 spell: Static Discharge
  2448 | D:3      | Found Daaffeec's Armour Shoppe.
  2458 | D:3      | Reached skill level 4 in Spellcasting
  2669 | D:3      | Noticed Terence
  2764 | D:3      | Noticed an ogre
  2771 | D:3      | Killed an ogre
  2772 | D:3      | Reached XP level 6. HP: 34/42 MP: 0/0
  3575 | D:3      | Slain by an orc

Illustrated notes

Levels and vault maps discovered:
D:1:      onia_arrival_mini_spirals, layout_rooms,
          shapermc_ecumenical_altar_hornbeckon, minmay_small_reverse_x
D:2:      layout_loops_ring
D:3:      layout_basic, serial_shops, shop_statue, serial_bayou_pond_b,
          uniq_terence

Skill      XL: |  1  2  3  4  5 |
---------------+----------------+-----
Spellcasting   | 3 4 |  4.7
Fighting       | 1 |  1.6
Dodging        | |  2.4
Stealth        | |  1.8

Action                   |  1- 3 |  4- 6 || total
-------------------------+-------+-------++-------
Melee: Unarmed           |     3 |       ||     3
 Cast: Foxfire           |    45 |    63 ||   108
       Scorch            |     8 |    37 ||    45
  Use: Scroll            |       |     1 ||     1
Armor: Robe              |     1 |     6 ||     7
Dodge: Dodged            |     7 |    15 ||    22

Table legend: (Time is in decaauts)
 A = Elapsed time spent in this place.
 B = Non-inter-level travel time spent in this place.
 C = Inter-level travel time spent in this place.
 D = Time resting spent in this place.
 E = Time spent auto-exploring this place.
 F = Levels seen in this place.
 G = Mean time per level.
                   A        B        C        D        E       F      G
               +--------+--------+--------+--------+--------+-----+--------+
         Total |   3575 |   3476 |     99 |    250 |   2853 |   3 | 1191.7 |
       Dungeon |   3575 |   3476 |     99 |    250 |   2853 |   3 | 1191.7 |
               +--------+--------+--------+--------+--------+-----+--------+

Top non-repeatable levels by time:
     D:2: 1625 daAuts
     D:1: 1058 daAuts
     D:3: 892 daAuts
